Workbook

Sheet РНМЦД
M1: Приложение №2 к извещению об осуществлении закупки
A2: РАСЧЕТ НАЧАЛЬНОЙ (МАКСИМАЛЬНОЙ) ЦЕНЫ ДОГОВОРА
A4: Начальная (максимальная) цена контракта определена в соответствии с Порядком, утвержденном Приказом Министерства здравоохранения Российской Федерации от 19 декабря 2019 года № 1064н «Об утверждении Порядка определения начальной (максимальной) цены контракта, цены контракта, заключаемого с единственным поставщиком (подрядчиком, исполнителем), начальной цены единицы товара, работы, услуги при осуществлении закупок лекарственных препаратов для медицинского применения».
A5: Расчет начальной (максимальной) цены контракта осуществляется по формуле:
A6: где: n - количество поставляемых лекарственных препаратов; Цi - цена единицы i-го лекарственного препарата с учетом налога на добавленную стоимость (далее - НДС) и оптовой надбавки; Vi - объем поставки i-го лекарственного препарата
A7: Объект закупки: Поставка лекарственного препарата для медицинского применения Бромокриптин
A8: № п/п | B8: Код МНН: | C8: МНН или при отсутствии МНН химическое, группировочное наименование Товара | D8: Код позиции КТРУ / Реестровая запись. | E8: Единицы измерения (количество товара, объем работы, услуги по ОКЕИ) | F8: Лекарственная форма | G8: Дозировка | H8: Лекарственный препарат включен в перечень жизненно необходимых и важнейших лекарственных препаратов | I8: Количество единиц измерения к обеспечению | J8: Минимальное значение цены без учета НДС и оптовой надбавки | L8: Цена с НДС * | M8: Наценка оптовая ** | N8: Цена для формирования НЦК с НДС и оптовой надбавкой для ЖНВЛП | O8: Цена для формирования НЦК с НДС с округлением | P8: Начальная (максимальная цена контракта с НДС и оптовой надбавкой
A9: 1 | B9: 181123 | C9: Бромокриптин | D9: ='Справочник лекарств'!C9 -> 21.20.10.234-000018-1-00022-0000000000000 | E9: шт (таблетка) | F9: таблетки | G9: 2,5 мг | H9: Да | I9: 2400 | J9: ='Выбор минимального значения'!L5 -> 8.33 | K9: =J9*30 -> 249.9 | L9: =J9*1.1 -> 9.163 | M9: 0.12 | N9: =L9*1.12 -> 10.26256 | O9: 10.26 | P9: =O9*I9 -> 24624
P10: =SUM(P9:P9) -> 24624
D12: Начальная (максимальная) цена договора составляет: | I12: =P10 -> 24624
A14: * НДС +10%, в соответствии с подпунктом 4 пункта 2 статьи 164 «Налогового кодекса Российской Федерации (часть вторая)» от 05.08.2000 № 117-ФЗ.
A15: ** Оптовая надбавка устанавливается только для лекарственных препаратов, включенных в перечень жизненно необходимых и важнейших лекарственных препаратов
A16: Нормативное значение (предельных цен), не установлено распоряжением Комитета по государственному заказу Санкт-Петербурга от 31.05.2018 № 100-р «Об утверждении значений потребительских свойств (в том числе характеристик качества) и иных характеристик (в том числе предельных цен) отдельных видов товаров, работ, услуг». Начальная (максимальная) цена контракта включает в себя все расходы на поставку товара, включая расходы по упаковке, доставке, погрузо-разгрузочным работам, а также расходы на страхование, уплату таможенных пошлин, налогов и других обязательных платежей, которые Поставщик должен выплатить в связи с выполнением обязательств по контракту в соответствии с законодательством Российской Федерации.
B18: Дата подготовки обоснования НМЦК 03.05.2024 г.
C19: Начальник отдела организации закупок_______________________________________ / Н.Н. Сальникова /
C20: Экономист __________________________/С.А. Карпова/

Sheet Выбор минимального значения
A2: Минимальное значение НМЦ Товара за единицу измерения, установленное в ходе проведенного анализа, принимается в качестве начальной (максимальной) цены за единицу товара при расчете начальной (максимальной) цены государственного контракта.
A4: № п/п | B4: МНН или при отсутствии МНН химическое, группировочное наименование Товара | C4: Код позиции КТРУ / Реестровая запись. | D4: Единицы измерения (количество товара, объем работы, услуги по ОКЕИ) | E4: Лекарственная форма | F4: Дозировка | G4: Лекарственный препарат включен в перечень жизненно необходимых и важнейших лекарственных препаратов | H4: Тарифный метод (ч.8 ст.22 44-ФЗ), без учета НДС и оптовой надбавки | I4: Метод сопоставимых рыночных цен (анализ рынка) (ч.2-6 ст.22 44-ФЗ), без учета НДС и оптовой надбавки | J4: Расчет средневзвешенной цены по контрактам (в случае заключения единственного контракта – цены по контракту), без учета НДС и оптовой надбавки | K4: Расчет референтных цен, без учета НДС и оптовой надбавки | L4: Минимальное значение НМЦ Товара за единицу измерения, руб.
A5: 1 | B5: ='Справочник лекарств'!B9 -> Бромокриптин | C5: ='Справочник лекарств'!C9 -> 21.20.10.234-000018-1-00022-0000000000000 | D5: ='Справочник лекарств'!D9 -> штука | E5: ='Справочник лекарств'!E9 -> таблетки | F5: ='Справочник лекарств'!F9 -> 2,5 мг | G5: Да | H5: ='тарифный метод (только ЖНВЛП)'!K16 -> 8.33 | I5: ='анализ рынка'!O9 -> 8.33 | J5: - | K5: - | L5: 8.33
A7: Обоснование формирования начальной (максимальной) цены контракта:
A8: В соответствии с приказом Министерства здравоохранения Российской Федерации от 19 декабря 2019 года № 1064н «Об утверждении Порядка определения начальной (максимальной) цены контракта, цены контракта, заключаемого с единственным поставщиком (подрядчиком, исполнителем), начальной цены единицы товара, работы, услуги при осуществлении закупок лекарственных препаратов для медицинского применения» при определение начальной (максимальной) цены (далее – НМЦ) Товара за единицу измерения использовались:
A9: а) 2 метода расчета: метод сопоставимых рыночных цен (анализ рынка) по коммерческим предложением получиным заказчиком, тарифный метод в соответствии с частями 2-6 и 8 статьи 22 Федерального закона от 5 апреля 2013 г. № 44-ФЗ «О контрактной системе в сфере закупок товаров, работ, услуг для обеспечения государственных и муниципальных нужд».
A10: б) метод расчета средневзвешенной цены на основании всех заключенных заказчиком и исполненных поставщиком государственных (муниципальных) контрактов на поставку планируемого к закупке лекарственного препарата с учетом эквивалентных лекарственных форм и дозировок за 12 месяцев, предшествующих месяцу расчета НМЦК, начальной цены единицы лекарственного препарата, по контрактам, исполнение по которым завершено, не применялся, так как у заказчика отсутствуют контракты, удовлетворяющие условиям применения данного метода расчета.
A11: в) цена, которая рассчитывается автоматически в единой государственной информационной системе в сфере здравоохранения (далее - референтная цена), сведения о которой предоставляются в единую информационную систему в сфере закупок посредством информационного взаимодействия между указанными системами, не применялась. По состоянию на дату определения НМЦК информация о референтной цене на официальном сайте Единой информационной системы в сфере закупок (http://zakupki.gov.ru) отсутствует.

Sheet тарифный метод (только ЖНВЛП)
A2: Начальная (максимальная) цена контракта определена в соответствии с Порядком, утвержденном Приказом Министерства здравоохранения Российской Федерации от 19 декабря 2019 года № 1064н «Об утверждении Порядка определения начальной (максимальной) цены контракта, цены контракта, заключаемого с единственным поставщиком (подрядчиком, исполнителем), начальной цены единицы товара, работы, услуги при осуществлении закупок лекарственных препаратов для медицинского применения».
A3: а) Метод, предусмотренный пунктом 3 части 1 статьи 22 Федерального закона от 05.04.2013 N 44-ФЗ "О контрактной системе в сфере закупок товаров, работ, услуг для обеспечения государственных и муниципальных нужд"
A4: Информация о минимально возможной зарегистрированной цене производителя в соответствии с перечнем жизненно необходимых и важнейших лекарственных препаратов для медицинского применения на 2022 год, утвержденным распоряжением Правительства Российской Федерации от 12 октября 2019 г. N 2406-р, постановлением Правительства Российской Федерации от 29.10.2010 № 865 «О государственном регулировании цен на лекарственные препараты, включенные в перечень жизненно необходимых и важнейших лекарственных препаратов», представлена в Государственном реестре предельных отпускных цен производителей на лекарственные препараты, включенные в перечень жизненно необходимых и важнейших лекарственных препаратов, по адресу в сети Интернет http://grls.rosminzdrav.ru/:
A6: Тарифный метод (ч.8 ст.22 44-ФЗ), без учета НДС и оптовой надбавки
A8: № п/п | B8: МНН | C8: Торговое наименование лекарственного препарата | D8: Лекарственная форма, дозировка, упаковка (полная) | E8: Владелец РУ/производитель/упаковщик/Выпускающий контроль | F8: Количество в потребительской упаковке | G8: Предельная цена руб. без НДС | H8: Расчетная цена за единицу измерения, руб. | I8: № РУ | J8: Дата регистрации цены (№ решения) | K8: Расчетная предельная отпускная цена производителя без оптовой надбавки и без НДС, за единицу товара руб.
A9: 3 | B9: Этионамид | C9: Этионамид | D9: таблетки, покрытые пленочной оболочкой, 250 мг, 10 шт. - упаковки ячейковые контурные (5) - пачки картонные | E9: Вл.Вып.к.Перв.Уп.Втор.Уп.Пр.Общество с ограниченной ответственностью "ФармКонцепт" &#x0D; (ООО "ФармКонцепт"), Россия (6949005941); | F9: 50 | G9: 244.43 | H9: 4.8886 | I9: ЛП-007318 | J9: 03.11.2022 1421/20-22
A10: 3 | B10: Этионамид | C10: Этионамид | D10: таблетки, покрытые пленочной оболочкой, 250 мг, 50 шт. - банки (1) - пачки картонные (для стационаров) | E10: Вл.Вып.к.Перв.Уп.Втор.Уп.Пр.Общество с ограниченной ответственностью "ФармКонцепт" &#x0D; (ООО "ФармКонцепт"), Россия (6949005941); | F10: 50 | G10: 244.43 | H10: 4.8886 | I10: ЛП-007318 | J10: 03.11.2022 1421/20-22
A11: 3 | B11: Этионамид | C11: Этионамид | D11: таблетки, покрытые пленочной оболочкой, 250 мг, 100 шт. - банка (1) - пачка картонная | E11: Вл.Вып.к.Перв.Уп.Втор.Уп.Пр.Общество с ограниченной ответственностью "ФармКонцепт" &#x0D; (ООО "ФармКонцепт"), Россия (6949005941); | F11: 100 | G11: 477.14 | H11: 4.7714 | I11: ЛП-007318 | J11: 25.01.2023 42/20-23
A12: 1 | B12: Бромокриптин | C12: Бромокриптин | D12: таблетки, 2.5 мг, 30 шт. - упаковки ячейковые контурные (1) - пачки картонные | E12: Вл.Вып.к.Перв.Уп.Втор.Уп.Пр.Общество с ограниченной ответственностью "Озон" (ООО "Озон"), Россия (6345002063); | F12: 30 | G12: 335.04 | H12: =G12/F12 -> 11.168 | I12: ЛП-№(000561)-(РГ-RU) | J12: 11.04.2024 445/20-24
A13: 2 | B13: Бромокриптин | C13: Бромокриптин | D13: таблетки, 2.5 мг, 30 шт. - банки (1) - пачки картонные | E13: Вл.Вып.к.Перв.Уп.Втор.Уп.Пр.Общество с ограниченной ответственностью "Озон" (ООО "Озон"), Россия (6345002063); | F13: 30 | G13: 335.04 | H13: =G13/F13 -> 11.168 | I13: ЛП-№(000561)-(РГ-RU) | J13: 11.04.2024 445/20-24
A14: 3 | B14: Бромокриптин | C14: Бромокриптин-Рихтер | D14: таблетки, 2.5 мг, 30 шт. - флакон (1) - пачка картонная | E14: Вл.Вып.к.Перв.Уп.Втор.Уп.Пр.ОАО "Гедеон Рихтер", Венгрия (HU10484878); | F14: 30 | G14: 363.2 | H14: =G14/F14 -> 12.106667 | I14: ЛП-№(002402)-(РГ-RU) | J14: 11.04.2024 445/20-24
A15: 4 | B15: Бромокриптин | C15: Бромокриптин-Рихтер | D15: таблетки, 2.5 мг, 30 шт. - флакон (1) - пачка картонная | E15: Вл.Вып.к.Перв.Уп.Втор.Уп.Пр.ОАО "Гедеон Рихтер", Венгрия (HU10484878); | F15: 30 | G15: 284.39 | H15: =G15/F15 -> 9.4796667 | I15: ЛП-№(002402)-(РГ-RU) | J15: 21.06.2023 25-7-4254826-изм
A16: 5 | B16: Бромокриптин | C16: Бромокриптин | D16: таблетки, 2.5 мг, 30 шт. - банки (1) - пачки картонные | E16: Вл.Вып.к.Перв.Уп.Втор.Уп.Пр.Общество с ограниченной ответственностью "Озон" (ООО "Озон"), Россия (6345002063); | F16: 30 | G16: 250 | H16: =G16/F16 -> 8.3333333 | I16: ЛП-№(000561)-(РГ-RU) | J16: 22.12.2022 25-7-4237114-ОПР-изм | K16: 8.33
A17: 6 | B17: Бромокриптин | C17: Бромокриптин-Рихтер | D17: таблетки, 2.5 мг, 30 шт. - флаконы (1) - пачки картонные | E17: Вл.Вып.к.Перв.Уп.Втор.Уп.Пр.ОАО "Гедеон Рихтер", Венгрия (HU10484878); | F17: 30 | G17: 284.39 | H17: =G17/F17 -> 9.4796667 | I17: П N011972/01 | J17: 21.04.2022 363/20-22
A18: 7 | B18: Бромокриптин | C18: Бромокриптин | D18: таблетки, 2.5 мг, 30 шт. - упаковки ячейковые контурные (1) - пачки картонные | E18: Вл.Вып.к.Перв.Уп.Втор.Уп.Пр.Общество с ограниченной ответственностью "Озон" (ООО "Озон"), Россия (6345002063); | F18: 30 | G18: 250 | H18: =G18/F18 -> 8.3333333 | I18: ЛП-№(000561)-(РГ-RU) | J18: 07.04.2022 25-7-4209689-ОПР-изм
A19: 8 | B19: Бромокриптин | C19: Бромокриптин-КВ | D19: таблетки, 2.5 мг, 10 шт. - упаковки ячейковые контурные (3) - пачки картонные | E19: Вл.ПАО "Киевский витаминный завод", Украина; Вып.к.Перв.Уп.Втор.Уп.Пр.ПАО "Киевский витаминный завод", Украина; | F19: 30 | G19: 186.58 | H19: =G19/F19 -> 6.2193333 | I19: ЛСР-001388/10 | J19: 18.12.2020 (653/20-20-ОПР)

Sheet Средневзвешенная
A2: Начальная (максимальная) цена контракта определена в соответствии с Порядком, утвержденном Приказом Министерства здравоохранения Российской Федерации от 19 декабря 2019 года № 1064н «Об утверждении Порядка определения начальной (максимальной) цены контракта, цены контракта, заключаемого с единственным поставщиком (подрядчиком, исполнителем), начальной цены единицы товара, работы, услуги при осуществлении закупок лекарственных препаратов для медицинского применения».
A3: б) Метод расчета средневзвешенной цены в соответствии с пунктом 5 № 1064н «Об утверждении Порядка определения начальной (максимальной) цены контракта, цены контракта, заключаемого с единственным поставщиком (подрядчиком, исполнителем), начальной цены единицы товара, работы, услуги при осуществлении закупок лекарственных препаратов для медицинского применения».
A4: Все используемые, при расчете средневзвешенной цены, договора удовлетворяют требованиям: Учитываются цены и количество единиц лекарственного препарата, указанные в документах о приемке товаров, подписанных заказчиком в течение 12 месяцев. (по март 2022г.) Не учитываются цены лекарственных препаратов: закупка которых, осуществлялась у единственного поставщика на основании пункта 28 части 1 статьи 93 Закона о контрактной системе; с остаточным сроком годности, на 20 и более процентов отличающимся от остаточного срока годности, предусмотренного заказчиком в описании объекта закупки; по договорам заказчиком взыскивались неустойки (штрафы, пени) в связи с неисполнением или ненадлежащим исполнением обязательств; обращение которых на месяц расчета НМЦК, начальной цены единицы лекарственного препарата приостановлено в порядке, установленном частью 1 статьи 6.5.
A6: № п/п | B6: Международное непатентованное или химическое или группировочное наименование | C6: Предмет закупки | D6: Единица измерения | E6: Цена за упаковку Товара без НДС и оптовой надбавки в соответствии с протоколом (фактическая отпускная цена становленная производителем) | F6: Цена за единицу измерения Товара | G6: Кол-во в единицах измерения | H6: Номер контракта и дата заключения, реестровая запись | I6: Размещенная информация по поставке в ЕИС | J6: Средневзвешенная цена за единицу измерения | K6: Средневзвешенная цена за единицу измерения с округлением
A7: 1 | B7: Изониазид | C7: отсутствуют закупки за требуемый промежуток времени
A11: общее кол-во приобретаемого товара | G11: =SUM(G7:G10) -> 0
A12: 2 | B12: Аминосалициловая кислота | C12: отсутствуют закупки за требуемый промежуток времени
A17: общее кол-во приобретаемого товара | G17: =SUM(G12:G16) -> 0
A18: 3 | B18: Этионамид | C18: отсутствуют закупки за требуемый промежуток времени
A20: общее кол-во приобретаемого товара | G20: =SUM(G18:G19) -> 0

Sheet анализ рынка
A2: Начальная (максимальная) цена контракта определена в соответствии с Порядком, утвержденном Приказом Министерства здравоохранения Российской Федерации от 19 декабря 2019 года № 1064н «Об утверждении Порядка определения начальной (максимальной) цены контракта, цены контракта, заключаемого с единственным поставщиком (подрядчиком, исполнителем), начальной цены единицы товара, работы, услуги при осуществлении закупок лекарственных препаратов для медицинского применения».
A3: а) Метод сопостовимых рыночных цен, предусмотренный части 2-6 статьи 22 Федерального закона от 05.04.2013 N 44-ФЗ "О контрактной системе в сфере закупок товаров, работ, услуг для обеспечения государственных и муниципальных нужд"
A4: В целях получения ценовой информации в отношении предполагаемого к поставке товара для определения НМЦК был направлен запрос №152 от 29.03.2023г. о предоставлении ценовой информации не менее чем 5 (пяти) потенциальным Поставщикам. На запрос было представлено три ценовых предложения от Поставщиков, на основании которых было проведено определение однородности совокупности значений выявленных цен.
A5: Метод сопоставимых рыночных цен (анализ рынка) (ч.2-6 ст.22 44-ФЗ), без учета НДС и оптовой надбавки
A7: № п/п | B7: МНН или при отсутствии МНН химическое, группировочное наименование Товара | C7: Код позиции КТРУ / Реестровая запись. | D7: Единицы измерения (количество товара, объем работы, услуги по ОКЕИ) | E7: Лекарственная форма | F7: Дозировка | G7: Лекарственный препарат включен в перечень ЖНВЛП | H7: Номер фармацевтической организации, дата КП, цена без учета НДС 10% и оптовой надбавки, руб. | K7: Среднее расчетное значение цены за единицу измерения, руб. | L7: Среднее квадратичное отклонение | M7: Коэффициент вариации | N7: Наименьшее ценовое предложение | O7: Цена единицы лекарственного препараты расчитанная методом сопоставимых рыночных цен
H8: Коммерческое предложение №1 (вх.№611 от 21.03.2024) | I8: Коммерческое предложение №2 (вх.№613 от 21.03.2024) | J8: Коммерческое предложение №3 (вх.№615 от 21.03.2024)
A9: 1. | B9: ='Справочник лекарств'!B9 -> Бромокриптин | C9: ='Справочник лекарств'!C9 -> 21.20.10.234-000018-1-00022-0000000000000 | D9: ='Справочник лекарств'!D9 -> штука | E9: ='Справочник лекарств'!E9 -> таблетки | F9: ='Справочник лекарств'!F9 -> 2,5 мг | G9: Да | H9: =250/30 -> 8.3333333 | I9: 8.3333333 | J9: 8.3333333 | K9: =(H9+I9+J9)/3 -> 8.3333333 | L9: =STDEV(H9:J9) -> 0 | M9: =(L9/K9)*100 -> 0 | N9: =MIN(H9:J9) -> 8.3333333 | O9: 8.33

Sheet средневзвеш
A2: Начальная (максимальная) цена контракта определена в соответствии с Порядком, утвержденном Приказом Министерства здравоохранения Российской Федерации от 19 декабря 2019 года № 1064н «Об утверждении Порядка определения начальной (максимальной) цены контракта, цены контракта, заключаемого с единственным поставщиком (подрядчиком, исполнителем), начальной цены единицы товара, работы, услуги при осуществлении закупок лекарственных препаратов для медицинского применения».
A3: б) Метод расчета средневзвешенной цены в соответствии с пунктом 5 № 1064н «Об утверждении Порядка определения начальной (максимальной) цены контракта, цены контракта, заключаемого с единственным поставщиком (подрядчиком, исполнителем), начальной цены единицы товара, работы, услуги при осуществлении закупок лекарственных препаратов для медицинского применения».
A4: Все используемые, при расчете средневзвешенной цены, договора удовлетворяют требованиям: Учитываются цены и количество единиц лекарственного препарата, указанные в документах о приемке товаров, подписанных заказчиком в течение 12 месяцев. (не ранее февраля 2023г.) Не учитываются цены лекарственных препаратов: закупка которых, осуществлялась у единственного поставщика на основании пункта 28 части 1 статьи 93 Закона о контрактной системе; с остаточным сроком годности, на 20 и более процентов отличающимся от остаточного срока годности, предусмотренного заказчиком в описании объекта закупки; по договорам заказчиком взыскивались неустойки (штрафы, пени) в связи с неисполнением или ненадлежащим исполнением обязательств; обращение которых на месяц расчета НМЦК, начальной цены единицы лекарственного препарата приостановлено в порядке, установленном частью 1 статьи 6.5.
A6: № п/п | B6: Международное непатентованное или химическое или группировочное наименование | C6: Предмет закупки | D6: Единица измерения | E6: Цена за упаковку Товара согласно протоколу согласования цен на ЖНВЛП | F6: Цена за единицу измерения Товара согласно протоколу согласования цен на ЖНВЛП | G6: Кол-во в единицах измерения | H6: Номер и дата контракта (Номер реестровой записи_) | I6: Дата поставки товара | J6: Средневзвешенная цена за единицу измерения | K6: Средневзвешенная цена за единицу измерения с округлением
A7: 1. | B7: ='Справочник лекарств'!B9 -> Бромокриптин | C7: не закупался

Sheet Справочник лекарств
A2: Начальная (максимальная) цена контракта определена в соответствии с Порядком, утвержденном Приказом Министерства здравоохранения Российской Федерации от 19 декабря 2019 года № 1064н «Об утверждении Порядка определения начальной (максимальной) цены контракта, цены контракта, заключаемого с единственным поставщиком (подрядчиком, исполнителем), начальной цены единицы товара, работы, услуги при осуществлении закупок лекарственных препаратов для медицинского применения».
A3: Для целей применения настоящего Порядка в качестве "единицы лекарственного препарата" используются единицы измерения, указанные в едином справочнике-каталоге лекарственных препаратов. В случае отсутствия в едином справочнике-каталоге лекарственных препаратов информации о лекарственном препарате в качестве "единицы лекарственного препарата" используется единица измерения "штука", соответствующая одной лекарственной форме (форме выпуска) (таблетка, капсула, суппозиторий и проч.), либо иная единица измерения в соответствии с Общероссийским классификатором единиц измерения (ОК 015-94 (МК 002-97)), применимая для измерения количественных характеристик закупаемого лекарственного препарата.
A6: Единая информационная система в сфере закупок. Справочник лекарств (ЕСКЛП). Справочник-каталог лекарственных препаратов. Каталог товаров, работ, услуг для обеспечения государственных и муниципальных нужд.
A8: № п/п | B8: МНН или при отсутствии МНН химическое, группировочное наименование Товара | C8: Код позиции КТРУ / Реестровая запись. | D8: Единицы измерения (количество товара, объем работы, услуги по ОКЕИ) | E8: Лекарственная форма | F8: Дозировка | G8: Лекарственный препарат включен в перечень жизненно необходимых и важнейших лекарственных препаратов | H8: Наличие в лекарственном препарате наркотических средств, психотропных веществ и их прекурсоров
A9: 1 | B9: Бромокриптин | C9: 21.20.10.234-000018-1-00022-0000000000000 | D9: штука | E9: таблетки | F9: 2,5 мг | G9: Да | H9: Нет
